AoeStats
← 破破助

Black Forest

510737868Analyzed
3v3 RM · 19h ago on Oct 2, 2026· 34m 49s· 6 players
Game mode
Random Map
Map size
Normal (6 player)
Population
200
Speed
Normal
Resources
Standard
Victory
Conquest
Starting age
Dark Age
Ending age
Imperial Age
RankedLock teamsTeams togetherTeam positionsShared explorationLock speedFull tech treeHidden civsTurbo modeCheats
Victory
Defeat
🇨🇱 Bohemians · Chile
984
+15
🇨🇱 Ethiopians · Chile
984
+15
🇨🇱 Japanese · Chile
902
+18
🇵🇱 Franks · Poland
1006
-18
🇨🇳 Spanish · China
921
-42
🇨🇳 Goths · China
921
-42
gjdelcam
13:01 Feudal Age
14:04 Double-Bit Axe
19:02 Castle Age
17:00 Gold Mining
18:31 Fletching
19:12 Horse Collar
19:17 Crossbowman
21:46 Ballistics
23:17 Gold Shaft Mining
24:14 Bow Saw
24:21 Bodkin Arrow
26:13 Thumb Ring
26:46 Padded Archer Armor
31:29 Imperial Age
30:19 Leather Archer Armor
33:10 Chemistry
32:44 Bracer
34:15 Arbalester
CL.CKrugger
0:27 Loom
12:18 Feudal Age
18:25 Castle Age
16:42 Double-Bit Axe
17:30 Fletching
25:39 Horse Collar
26:12 Bow Saw
27:53 Wheelbarrow
32:03 Pikeman
32:44 Squires
32:57 Forging
32:44 Bodkin Arrow
37:39 Imperial Age
37:45 Imperial Age
MarcoAntonio
0:53 Loom
21:02 Feudal Age
21:32 Arson
21:07 Man-at-Arms
22:36 Wheelbarrow
22:07 Double-Bit Axe
22:43 Scale Mail Armor
22:36 Horse Collar
29:04 Castle Age
29:42 Gold Mining
29:42 Stone Mining
30:35 Chain Mail Armor
30:24 Squires
30:04 Pikeman
30:34 Long Swordsman
30:59 Gambesons
31:05 Gambesons
31:59 Heavy Plow
32:11 Bow Saw
33:26 Hand Cart
mateuszes
2:30 Loom
11:49 Feudal Age
13:13 Wheelbarrow
17:37 Castle Age
16:50 Double-Bit Axe
17:25 Forging
17:07 Gold Mining
22:23 Gold Shaft Mining
23:59 Scale Barding Armor
25:45 Chain Barding Armor
26:45 Husbandry
29:29 Hand Cart
34:04 Imperial Age
纵欲的猫
13:42 Feudal Age
16:13 Wheelbarrow
16:26 Horse Collar
16:41 Double-Bit Axe
19:38 Gold Mining
19:47 Stone Mining
29:41 Castle Age
破破助
14:51 Feudal Age
15:32 Stone Mining
20:04 Wheelbarrow
22:02 Horse Collar
Connection lost

Rejoining the realm…

Still unreachable

The connection could not be restored.

Session expired

The server has moved on; the page needs a fresh start.